 Dungeon Crawl Stone Soup version 0.31-a0-355-g57cb03d3e8 (webtiles) character file.

Game seed: 13267329558686019426

5745 Newt the Nimble (level 10, -3/86 (88) HPs)
             Began as a Yellow Draconian Shapeshifter on July 24, 2023.
             Was a Follower of the Shining One.
             Slain by a freezing wraith (23 damage)
             ... on level 10 of the Dungeon.
             The game lasted 00:08:36 (7954 turns).

Newt the Nimble (Yellow Draconian Shapeshifter)     Turns: 7954, Time: 00:08:36

HP:   -3/86 (88)    AC:  7    Str: 21    XL:     10   Next: 49%
MP:   13/13         EV: 15    Int: 10    God:    the Shining One [*.....]
Gold: 619           SH:  0    Dex: 11    Spells: 9/9 levels left

rFire   . . .        d - +8 autumn katana {manifold assault}
rCold   . . .        (no shield)
rNeg    . . .        (body armour unavailable)
rPois   +            (helmet currently unavailable)
rElec   .            (cloak currently unavailable)
rCorr   +            (gloves currently unavailable)
SInv    .            (boots currently unavailable)
Will    .....        (no amulet)
Stlth   +            o - ring of poison resistance
HPRegen 0.34/turn    (no ring)
MPRegen 0.13/turn

%: no passive effects
@: beast-form, hasted and slowed, glowing, lightly drained
A: beast (slay +4), spit acid, AC +7, unfitting armour, cold-blooded, acid
resistance
a: Breathe Acid, Begin Untransformation, Renounce Religion, Divine Shield


You were on level 10 of the Dungeon.
You worshipped the Shining One.
The Shining One was aware of your devotion.
You were a hulking beast.
You visited 1 branch of the dungeon, and saw 10 of its levels.

You collected 619 gold pieces.

Inventory:

Hand Weapons
 d - the +8 autumn katana (weapon) {manifold assault}
   (You acquired it on level 2 of the Dungeon)
Missiles
 f - 16 poisoned darts
 w - 8 boomerangs
Armour
 i - a +2 hat
 C - a +2 pair of boots
Jewellery
 o - a ring of poison resistance (left hand)
Talismans
 b - a beast talisman
Wands
 r - a wand of roots (17)
 v - a wand of paralysis (22)
 z - a wand of flame (9)
 I - a wand of digging (8)
Scrolls
 e - a scroll of fog {unknown}
 l - 2 scrolls of teleportation
 p - a scroll of immolation {unknown}
 t - 2 scrolls of enchant armour {unknown}
 u - a scroll of noise {unknown}
 y - a scroll of enchant weapon {unknown}
 A - a scroll of torment {unknown}
 D - a scroll of vulnerability {unknown}
 F - 3 scrolls of identify
 H - a scroll of revelation {unknown}
Potions
 a - 2 potions of lignification
 c - 4 potions of attraction
 g - 2 potions of curing
 h - a potion of cancellation
 j - a potion of mutation
 k - a potion of haste
 m - a potion of heal wounds
 n - a potion of invisibility
 q - a potion of might
 s - a potion of degeneration {unknown}
 x - 2 potions of enlightenment {unknown}
 B - 2 potions of brilliance {unknown}
 E - a potion of magic {unknown}
 G - a potion of resistance {unknown}


   Skills:
 - Level 8.0 Fighting
 - Level 5.0 Long Blades
 - Level 9.0 Dodging
 - Level 3.0 Unarmed Combat
 + Level 5.3 Invocations
 - Level 7.0 Shapeshifting


You had 9 spell levels left.
You didn't know any spells.
Your spell library contained the following spells:

 Spells                   Type           Power      Damage    Failure   Level
 Magic Dart               Conj           0%         1d3       36%         1
 Slow                     Hex            0%         N/A       36%         1
 Call Imp                 Summ           0%         N/A       50%         2
 Poisonous Vapours        Pois/Air       0%         N/A       50%         2
 Searing Ray              Conj           0%         2d4       50%         2
 Static Discharge         Conj/Air       0%         2-2/arc   50%         2
 Wereblood                Tmut           0%         N/A       50%         2
 Confusing Touch          Hex            0%         N/A       75%         3
 Mephitic Cloud           Conj/Pois/Air  0%         N/A       75%         3
 Vampiric Draining        Necr           0%         2d6       75%         3
 Airstrike                Air            0%         2d(0-16)  98%         4
 Fulminant Prism          Conj/Hex       0%         3d5       98%         4
 Summon Lightning Spire   Summ/Air       0%         N/A       98%         4
 Freezing Cloud           Conj/Ice/Air   0%         6-21      100%        5
 Irradiate                Conj/Tmut      0%         3d11      100%        5


Dungeon Overview and Level Annotations

Branches:
Dungeon (11/15)            Temple (0/1) D:5
   Lair: D:8-11         Orc: D:9-12

Altars:
Ashenzari
Gozag
Ru
Sif Muna
Vehumet
The Shining One

Shops:
D:3 ?   D:5 =

Annotations:
D:11 Josephine


Innate Abilities, Weirdness & Mutations

You are a hulking beast.
Your limbs bulge with bestial killing power. (Slay +4)
You can spit globs of acid.
Your golden yellow scales are hard. (AC +7)
You cannot fit into any form of body armour.
You are cold-blooded and may be slowed by cold attacks.
You are resistant to acid. (rCorr)


Message History

The freezing wraith hits you! The freezing wraith freezes you!
You feel yourself slow down. The freezing wraith hits you.
The freezing wraith drains your vigour!
You feel as though you will be slow longer.
There is an open door, spattered with blood here.
You slash the freezing wraith!
The freezing wraith is lightly damaged.
The freezing wraith hits you. The freezing wraith freezes you!
You feel as though you will be slow longer.
The freezing wraith hits you. The freezing wraith drains your vigour!
You feel as though you will be slow longer.
You barely miss the freezing wraith.
The freezing wraith is lightly damaged.
The freezing wraith hits you but does no damage.
The freezing wraith hits you. x2; The freezing wraith freezes you!!
The freezing wraith barely misses you.
You are too injured to fight recklessly!
You are too injured to fight recklessly!
Unknown command.
You feel yourself speed up. The freezing wraith barely misses you.
The freezing wraith hits you. The freezing wraith drains your vigour!
You feel as though you will be slow longer.
Unknown command.
You barely miss the freezing wraith. You punch the freezing wraith!
The freezing wraith is moderately damaged.
The freezing wraith completely misses you.
The freezing wraith closely misses you.
You slash the freezing wraith!
The freezing wraith is heavily damaged.
The freezing wraith completely misses you.
The freezing wraith hits you.
* * * LOW HITPOINT WARNING * * *
The freezing wraith drains your vigour!
You feel as though you will be slow longer.
You slash the freezing wraith!
The freezing wraith is severely damaged.
The freezing wraith hits you.
* * * LOW HITPOINT WARNING * * *
The freezing wraith freezes you!!
You die...

.#######...# #.##
......###..# #...
......# ####
###+####### ###.
...(..# #.......>.#
#####. ......#
#.......#.#####...#.
......#
+..8............#.##
#######
#.......##.####.#.#
#.......##.######.##
###h###.##.#....#...
#.W.##.##.#.##.###.
#.....#.##......#...
#.....#.###.....#.##
#.....#.# #.....#...
##$[$##.# #.......#.
########.#
#...:##...
#........#
#....##...
####.....#
#######..#


You could see a freezing wraith.

Vanquished Creatures
  A cyclops (D:11)
  A troll (D:10)
  Sigmund (D:6)
  A wyvern (D:8)
  Eustachio (D:4)
  2 wraiths (D:11)
  A steam dragon (D:8)
  Menkaure (D:4)
  3 water moccasins
  3 orc warriors
  2 ice beasts
  2 black bears
  3 sky beasts
  A centaur (D:6)
  3 ogres
  A kobold brigand (D:10)
  6 bullfrogs
  2 gnoll sergeants
  5 scorpions
  6 wights
  9 killer bees
  An electric eel (D:7)
  4 howler monkeys
  2 jellies
  2 orc priests (D:8)
  A hound (D:4)
  A sleepcap (D:5)
  5 iguanas
  5 orc wizards
  16 gnolls
  10 adders
  2 white imps
  An ufetubus (D:6)
  3 dart slugs
  32 orcs
  5 bats
  8 endoplasms
  3 giant cockroaches
  7 goblins
  3 hobgoblins
  3 jackals (D:3)
  5 quokkas
  5 ball pythons
  2 frilled lizards
  7 kobolds
  9 rats
197 creatures vanquished.

Notes
Turn   | Place    | Note
-------+----------+-------------------------------------------
     0 | D:1      | Newt the Draconian Shapeshifter began the quest for the
                  | Orb.
     0 | D:1      | Reached XP level 1. HP: 16/16 MP: 1/1
   115 | D:1      | Reached XP level 2. HP: 25/25 MP: 2/2
   305 | D:1      | Found a faded altar of an unknown god.
   618 | D:2      | Reached XP level 3. HP: 31/31 MP: 3/3
   621 | D:2      | Identified a scroll of acquirement
   621 | D:2      | Acquired the +8 autumn katana {manifold assault}
   621 | D:2      | Found the +8 autumn katana {manifold assault}
  1099 | D:3      | Found The Oracle's Delphic Readings.
  1245 | D:3      | Reached XP level 4. HP: 35/41 MP: 4/4
  1370 | D:3      | Reached skill level 5 in Fighting
  1371 | D:3      | Reached skill level 1 in Long Blades
  1377 | D:3      | Reached XP level 5. HP: 20/48 MP: 5/5
  1847 | D:4      | Noticed an ogre
  1859 | D:4      | Killed an ogre
  1860 | D:4      | Reached XP level 6. HP: 46/56 MP: 6/6
  1939 | D:4      | Found a radiant altar of Vehumet.
  1946 | D:4      | Found a broken altar of Ashenzari.
  1946 | D:4      | Found a glowing golden altar of the Shining One.
  1992 | D:4      | Noticed Eustachio
  2003 | D:4      | Noticed Menkaure
  2006 | D:4      | Killed Menkaure
  2007 | D:4      | Reached skill level 5 in Long Blades
  2007 | D:4      | Reached skill level 2 in Dodging
  2033 | D:4      | Your scales start taking on a golden yellow colour.
  2033 | D:4      | Reached XP level 7. HP: 61/61 MP: 7/7
  2033 | D:4      | Gained mutation: You are resistant to acid. (rCorr) [Yellow
                  | Draconian growth]
  2175 | D:4      | Killed Eustachio
  2176 | D:4      | Reached skill level 4 in Dodging
  2201 | D:4      | Became a worshipper of the Shining One
  2214 | D:5      | Entered Level 5 of the Dungeon
  2335 | D:5      | Found a staircase to the Ecumenical Temple.
  2401 | D:5      | Reached skill level 5 in Dodging
  2450 | D:5      | Found Xamaemp's Jewellery Shop.
  2517 | D:5      | Found an opulent altar of Gozag.
  2733 | D:5      | Reached XP level 8. HP: 71/71 MP: 8/8
  3706 | D:6      | Noticed Sigmund
  3714 | D:6      | Killed Sigmund
  4079 | D:6      | Reached skill level 5 in Shapeshifting
  4253 | D:6      | Reached XP level 9. HP: 81/81 MP: 9/9
  5065 | D:7      | Found a shimmering blue altar of Sif Muna.
  5120 | D:7      | HP: 2/121 [iguana (8)]
  5652 | D:7      | Found a sacrificial altar of Ru.
  5697 | D:7      | Reached skill level 6 in Dodging
  5725 | D:7      | Reached * piety under the Shining One
  5888 | D:7      | Reached skill level 7 in Dodging
  6340 | D:8      | Reached skill level 8 in Dodging
  6466 | D:8      | Reached XP level 10. HP: 87/88 MP: 10/10
  6921 | D:8      | Reached skill level 9 in Dodging
  6984 | D:8      | You fall into a shaft and drop 3 floors!
  6993 | D:11     | Noticed a cyclops
  7000 | D:11     | Killed a cyclops
  7155 | D:11     | Noticed Josephine
  7168 | D:11     | HP: 1/79 [wraith[Josephine] (7)]
  7171 | D:10     | Entered Level 10 of the Dungeon
  7606 | D:10     | Reached skill level 5 in Invocations
  7954 | D:10     | Slain by a freezing wraith

Illustrated notes

Levels and vault maps discovered:
D:1:      psy_arrival_radial01, layout_rooms, dilly_ecumenical_altar_fadedgnrine
D:2:      layout_rooms, serial_glass, glass_columns_a, glass_columns_a,
          minmay_gold_behind_fungi
D:3:      layout_rooms, nicolae_nh_oracle_at_delphi
D:4:      layout_rooms, mainiacjoe_overflow_divided_tiny, kennysheep_mini_moat,
          uniq_eustachio, uniq_menkaure
D:5:      layout_gridville, grunt_gozag_breadcrumbs,
          minmay_temple_entry_mini_moons, serial_shops, shop, minivault_23,
          corexii_checkpoint_a
D:6:      nicolae_cairo_tiling_large, layout_loops_cross, minmay_joined_circles,
          uniq_sigmund
D:7:      layout_basic, nicolae_ru_sacrificial_ziggurat,
          nicolae_sif_muna_condensation, chequers_serial_rivers_small_b,
          serial_bayou_lagoon_a, nrook_mini_backslash
D:8:      layout_layer_cave, hangedman_abyss_or_decor_clamps,
          minmay_chambers_of_fives
D:10:     layout_basic, minmay_misc_feat_plants, hangedman_decor_peaks_small,
          minmay_three_doors
D:11:     layout_long_grid, david_lair_shrubbed, uniq_josephine

Skill      XL: |  1  2  3  4  5  6  7  8  9 10 |
---------------+-------------------------------+-----
Fighting       | 2 3 4 5 6 8 |  8.0
Long Blades    | 1 4 5 |  5.0
Dodging        | 2 5 8 9 |  9.0
Shapeshifting  | 5 7 |  7.0
Invocations    | 5 |  5.3
Unarmed Combat | |  3.0

Action                     |  1- 3 |  4- 6 |  7- 9 | 10-12 || total
---------------------------+-------+-------+-------+-------++-------
  Melee: Unarmed           |    42 |       |       |       ||    42
         Tailslap          |    12 |     4 |    34 |     5 ||    55
         Punch             |     2 |       |     6 |     4 ||    12
         Katana            |    49 |    58 |   228 |    85 ||   420
  Throw: Dart              |       |     3 |       |       ||     3
 Invoke: Divine Shield     |       |       |       |     1 ||     1
Ability: Breathe Acid      |       |       |       |     1 ||     1
  Evoke: Wand              |       |       |     1 |       ||     1
    Use: Scroll            |     6 |       |     2 |     3 ||    11
         Potion            |       |       |     9 |     3 ||    12
   Stab: Sleeping          |     1 |       |       |       ||     1
 Armour: Skin              |    25 |     7 |    88 |    12 ||   132
  Dodge: Dodged            |    58 |    19 |   135 |    43 ||   255
  Block: Other             |       |       |       |     3 ||     3

Table legend: (Time is in decaauts)
 A = Elapsed time spent in this place.
 B = Non-inter-level travel time spent in this place.
 C = Inter-level travel time spent in this place.
 D = Time resting spent in this place.
 E = Time spent auto-exploring this place.
 F = Levels seen in this place.
 G = Mean time per level.
                   A        B        C        D        E       F      G
               +--------+--------+--------+--------+--------+-----+--------+
         Total |   7966 |   7848 |    118 |   1561 |   5215 |  10 |  796.6 |
       Dungeon |   7966 |   7848 |    118 |   1561 |   5215 |  10 |  796.6 |
               +--------+--------+--------+--------+--------+-----+--------+

Top non-repeatable levels by time:
     D:7: 1789 daAuts
     D:6: 1282 daAuts
     D:5: 939 daAuts
    D:10: 799 daAuts
     D:3: 756 daAuts
     D:8: 740 daAuts
     D:1: 607 daAuts
     D:4: 522 daAuts
     D:2: 337 daAuts
    D:11: 190 daAuts
